 Dungeon Crawl Stone Soup version 0.18.1-8-gdd0e5ea (webtiles) character file.

811 zeroDi the Covert (level 7, 0/34 HPs)
             Began as a Vine Stalker Assassin on May 22, 2016.
             Was a Believer of Okawaru.
             Killed from afar by an orc wizard (10 damage)
             ... with a puff of flame
             ... on level 5 of the Dungeon.
             The game lasted 00:09:59 (5360 turns).

zeroDi the Covert (Vine Stalker Assassin)           Turns: 5360, Time: 00:09:59

Health: 0/34       AC:  6    Str: 14    XL:     7   Next: 93%
Magic:  0/8        EV: 12    Int: 11    God:    Okawaru [**....]
Gold:   231        SH:  0    Dex: 17    Spells: 0 memorised, 6 levels left

rFire  . . .     SeeInvis .     a - +2 falchion (slice)
rCold  . . .     Gourm    .     c - +0 robe
rNeg   . . .     Faith    .     (no shield)
rPois  .         Spirit   +     (no helmet)
rElec  .         Dismiss  .     d - +0 cloak
rCorr  .         Reflect  .     n - +2 pair of gloves
SustAt .         Harm     .     (no boots)
MR     .....                    (no amulet)
Stlth  ++++......               (no ring)
                                (no ring)

@: not resistant to hostile enchantments, stealthy
A: fangs 2, regeneration 2, magic shield, antimagic bite, no device heal 3, rot
immunity
a: Heroism, Renounce Religion


You were on level 5 of the Dungeon.
You worshipped Okawaru.
Okawaru was pleased with you.
You were not hungry.

You visited 1 branch of the dungeon, and saw 5 of its levels.

You collected 231 gold pieces.


Innate Abilities, Weirdness & Mutations

You have extremely sharp teeth.
You heal very quickly.
When hurt, damage is shared between your health and your magic reserves.
Your bite disrupts and absorbs the magic of your enemies.
Potions and wands cannot restore your health.
You are immune to rotting.


   Skills:
 - Level 1.7 Fighting
 - Level 6.3 Short Blades
 - Level 1.7 Throwing
 + Level 1.2 Dodging
 * Level 8.4 Stealth


You had 6 spell levels left.
You didn't know any spells.

Inventory:

Hand Weapons
 a - a +2 falchion of slicing (weapon)
 b - a +0 blowgun
 C - a +2 dagger
Missiles
 e - 61 poisoned needles
 f - 2 curare-tipped needles {=f}
 q - 7 needles of frenzy
 r - 7 tomahawks (quivered)
Armour
 c - a +0 robe (worn)
 d - a +0 cloak (worn)
 n - a +2 pair of gloves (worn)
Jewellery
 k - an uncursed ring of protection from cold {unknown}
 t - an uncursed amulet of faith {unknown}
 u - an uncursed ring of resist corrosion {unknown}
Scrolls
 i - 4 scrolls of teleportation {@r4}
 l - a scroll of fear {unknown}
 p - 5 scrolls of identify {unknown}
 v - 2 scrolls of amnesia {unknown}
 w - a scroll of remove curse
 y - a scroll of magic mapping {unknown}
 D - a scroll of recharging
Potions
 j - a potion of agility {unknown}
 m - a potion of haste {unknown}
 o - 3 potions of curing {unknown}
 s - a potion of invisibility {unknown}
 x - a potion of ambrosia {unknown}
 z - a potion of degeneration {unknown}
Books
 A - a Necronomicon

   Spells                             Type                      Level
   a - Haunt                          Necromancy/Summoning         7
   b - Borgnjor's Revivification      Necromancy                   8
   c - Death's Door                   Charms/Necromancy            8
   d - Necromutation                  Transmutation/Necromancy     8
Comestibles
 g - 5 bread rations
 h - 5 meat rations
 B - 6 chunks of flesh

Dungeon Overview and Level Annotations

Branches:
Dungeon (5/15)
 Temple: D:4-7

Altars:
Fedhas
Okawaru

...................#####
...................#...#
...............>...#...#
...................##'#####.
.#######+##########..........
.# ..........#........#. .≈
..........#........#
...######'#........#
#@....####### ....oo{{....#
.....Y#.....# ......#.....#
..##. #.(...# # #. #.....# .
+.....# .. #......


You could see a sky beast, an orc wizard and an orc.


Message History

Something hits you but does no damage.
You closely miss something. Something hits you.
A sky beast appears from thin air!
Reactivating autopickup.
Something hits you but does no damage.
Deactivating autopickup; reactivate with Ctrl-A.
Something hits you but does no damage.
You miss something. You bite something. Something hits you but does no damage.
Something hits you.
You hit something. You bite something.
You hear some strange, mumbled words.
A puff of flame appears from out of thin air!
The puff of flame hits you!
* * * LOW HITPOINT WARNING * * *
Something hits you but does no damage. x2
You barely miss something. Your bite misses something.
You hear some strange, mumbled words.
A puff of flame appears from out of thin air!
The puff of flame hits you!
You die...

Action                   |  1- 3 |  4- 6 |  7- 9 || total
-------------------------+-------+-------+-------++-------
Melee: Dagger            |   118 |   149 |     8 ||   275
       Bite              |    30 |    55 |    18 ||   103
       Falchion          |       |       |    56 ||    56
 Fire: Blowgun           |       |    11 |    21 ||    32
Throw: Tomahawk          |       |     8 |       ||     8
  Use: Scroll            |     1 |     2 |       ||     3
 Stab: Sleeping          |    10 |     2 |     4 ||    16
  Eat: Chunk             |     2 |     7 |     3 ||    12
       Beef jerky        |       |       |     1 ||     1
Armor: Robe              |    26 |    36 |    21 ||    83
Dodge: Dodged            |    60 |    67 |    35 ||   162

Vault maps used:
D:1:      lightli_arrival_noodles, lexackson_kobold_supper
D:2:      lemuel_crystal_altar, fedhas_altar_3, lemuel_statue_altar
D:3:      first_bread
D:5:      minmay_temple_entry_metal_lava

Notes
Turn   | Place    | Note
--------------------------------------------------------------
     0 | D:1      | zeroDi the Vine Stalker Assassin began the quest for the Orb.
     0 | D:1      | Reached XP level 1. HP: 11/11 MP: 2/2
    58 | D:1      | Reached skill level 2 in Short Blades
   292 | D:1      | Reached XP level 2. HP: 15/15 MP: 3/3
   697 | D:1      | Reached skill level 3 in Short Blades
   884 | D:1      | Reached XP level 3. HP: 16/18 MP: 4/4
  1290 | D:2      | Found a blossoming altar of Fedhas.
  1324 | D:2      | Found an iron altar of Okawaru.
  1451 | D:2      | Became a worshipper of Warmaster Okawaru
  1590 | D:2      | Found an iron altar of Okawaru.
  2009 | D:3      | Reached XP level 4. HP: 23/23 MP: 5/5
  2036 | D:3      | Reached skill level 4 in Short Blades
  2047 | D:3      | Reached XP level 5. HP: 25/26 MP: 4/6
  2138 | D:3      | Reached skill level 5 in Short Blades
  2886 | D:4      | Noticed an orc warrior
  2980 | D:4      | Reached * piety under Okawaru
  2980 | D:4      | Gained mutation: You heal very quickly. [Vine Stalker growth]
  2980 | D:4      | Reached XP level 6. HP: 30/30 MP: 7/7
  3359 | D:4      | Reached skill level 6 in Short Blades
  3706 | D:4      | Reached skill level 5 in Stealth
  4008 | D:4      | Reached skill level 6 in Stealth
  4008 | D:4      | Reached XP level 7. HP: 34/34 MP: 8/8
  4499 | D:5      | Entered Level 5 of the Dungeon
  4589 | D:4      | Reached skill level 7 in Stealth
  5194 | D:5      | Reached skill level 8 in Stealth
  5261 | D:5      | Reached ** piety under Okawaru
  5261 | D:5      | Reached skill level 1 in Dodging
  5360 | D:5      | Killed from afar by an orc wizard

Vanquished Creatures
  An orc warrior (D:4)
  A phantom (D:5)
  A giant frog (D:5)
  3 scorpions (D:4)
  4 orc wizards
  2 giant frog skeletons (D:4)
  2 orc priests
  A worker ant (D:4)
  5 adders
  An ooze (D:3)
  2 worms (D:2)
  A dart slug (D:1)
  A giant gecko (D:4)
  16 orcs
  2 giant cockroaches
  8 goblins
  10 hobgoblins
  7 jackals
  10 kobolds
  5 quokkas
  3 ball pythons
  4 bats
  3 giant newts
  7 rats
100 creatures vanquished.

Vanquished Creatures (others)
  A plant (D:1)
1 creature vanquished.

Grand Total: 101 creatures vanquished
